 Dungeon Crawl Stone Soup version 0.30-a0-1018-g25214051b3 (webtiles) character file.

Game seed: 12183041727946963687

91401 voltaire321 the Spry (level 15, -9/95 HPs)
             Began as a Deep Elf Earth Elementalist on Apr 7, 2023.
             Was the Champion of Vehumet.
             Killed from afar by a rakshasa (13 damage)
             ... with a lance of force
             ... on level 4 of the Abyss on Apr 8, 2023.
             The game lasted 01:32:14 (25375 turns).

voltaire321 the Spry (Deep Elf Earth Elementalist) Turns: 25375, Time: 01:32:14

Health: -9/95      AC: 12    Str:  7    XL:     15   Next: 54%
Magic:  0/50       EV: 19    Int: 29    God:    Vehumet [******]
Gold:   2466       SH: 10    Dex: 15    Spells: 14/44 levels left

rFire   . . .      SeeInvis +    b - +9 falchion of the Open Hand {drain, Int+3}
rCold   + . .      Faith    .    l - +0 buckler
rNeg    . . .      Spirit   +    o - +4 moon troll leather armour {Spirit, Regen++ MP+5}
rPois   .          Reflect  +    (no helmet)
rElec   +          Rampage  .    r - +0 cloak of Waont {Drain rElec Regen+ SInv}
rCorr   .                        y - +1 pair of gloves
Will    +....                    (no boots)
Stlth   ++                       R - amulet of reflection
HPRegen 0.00/turn                k - ring of magical power
MPRegen 0.32/turn                z - ring of protection from cold

@: sick
A: no striking features
a: Renounce Religion


You were on level 4 of the Abyss.
You worshipped Vehumet.
Vehumet was exalted by your worship.
You visited 4 branches of the dungeon, and saw 21 of its levels.
You visited the Abyss 1 time.

You collected 4781 gold pieces.
You spent 2315 gold pieces at shops.

Inventory:

Hand Weapons
 b - the +9 falchion of the Open Hand (weapon) {drain, Int+3}
   (You found it on level 11 of the Dungeon)

   Int:       It affects your intelligence (+3).
 p - a +3 whip of venom
 E - a +2 whip of freezing
 F - a +2 short sword of speed
Missiles
 n - 11 curare-tipped darts
Armour
 l - a +0 buckler (worn)
 o - the +4 moon troll leather armour (worn) {Spirit, Regen++ MP+5}
   (You bought it in a shop on level 7 of the Dungeon)

   MP:        It affects your magic capacity (+5).
   Regen:     It increases your rate of health regeneration.
 r - the +0 cloak of Waont (worn) {Drain rElec Regen+ SInv}
   (You bought it in a shop on level 8 of the Dungeon)

   rElec:     It insulates you from electricity.
   SInv:      It lets you see invisible.
   Regen:     It increases your rate of health regeneration.
   Drain:     It drains your maximum health when unequipped.
 y - a +1 pair of gloves (worn)
 Q - the +4 ring mail of Hacraes {rC+ Regen+}
   (You bought it in a shop on level 2 of the Orcish Mines)

   rC:        It protects you from cold.
   Regen:     It increases your rate of health regeneration.
Jewellery
 c - a ring of flight
 d - a ring of willpower
 j - a ring of positive energy
 k - a ring of magical power (left hand)
 z - a ring of protection from cold (right hand)
 D - a ring of resist corrosion
 L - a ring of see invisible
 P - a ring of positive energy
 R - an amulet of reflection (around neck)
Wands
 e - a wand of digging (12)
 q - a wand of polymorph (18)
 B - a wand of iceblast (17)
 C - a wand of charming (5)
Scrolls
 f - 2 scrolls of blinking
 s - 7 scrolls of magic mapping
 w - 10 scrolls of teleportation
 x - a scroll of poison
 A - 3 scrolls of identify
 G - a scroll of fog
 I - 3 scrolls of amnesia
 J - 2 scrolls of enchant weapon
Potions
 a - 2 potions of mutation
 h - 2 potions of flight
 i - 2 potions of invisibility
 m - 8 potions of haste
 t - a potion of resistance
 u - 3 potions of curing
 v - 4 potions of cancellation
 H - 6 potions of berserk rage
 K - a potion of magic
 N - a potion of might
 O - a potion of lignification


   Skills:
 + Level 11.2 Fighting
 - Level 5.0 Armour
 + Level 15.9 Dodging
 - Level 2.4 Stealth
 - Level 5.0 Shields
 - Level 15.0 Spellcasting
 - Level 10.0 Conjurations
 - Level 2.0 Transmutations
 + Level 14.8 Earth Magic


You had 14 spell levels left.
You knew the following spells:

 Your Spells              Type           Power      Damage    Failure   Level
a - Sandblast             Erth           100%       2d20      0%          1
b - Stone Arrow           Conj/Erth      100%       3d13      1%          3
c - Passwall              Tmut/Erth      52%        N/A       1%          2
d - Olgreb's Toxic Radia  Pois           21%        N/A       11%         4
e - Lee's Rapid Deconstr  Erth           41%        3d20*     1%          5
f - Petrify               Tmut/Erth      63%        N/A       1%          4
g - Iron Shot             Conj/Erth      38%        9d8       1%          6
h - Arcjolt               Conj/Air       25%        1d35      4%          5

Your spell library contained the following spells:

 Spells                   Type           Power      Damage    Failure   Level
 Beastly Appendage        Tmut           66%        N/A       1%          1
 Freeze                   Ice            84%        1d9       1%          1
 Magic Dart               Conj           100%       1d8       1%          1
 Shock                    Conj/Air       100%       1d9       1%          1
 Hailstorm                Conj/Ice       50%        3d11      1%          3
 Mephitic Cloud           Conj/Pois/Air  41%        N/A       1%          3
 Leda's Liquefaction      Hex/Erth       30%        N/A       1%          4
 Iskenderun's Battlesphe  Conj           68%        2d12      1%          5
 Wereblood                Tmut           33%        N/A       2%          2
 Frozen Ramparts          Ice            42%        1d7       3%          3
 Inner Flame              Hex/Fire       21%        N/A       3%          3
 Apportation              Tloc           42%        N/A       4%          1
 Necrotise                Necr           84%        1d8       4%          1
 Summon Small Mammal      Summ           84%        N/A       4%          1
 Call Imp                 Summ           42%        N/A       6%          2
 Spider Form              Tmut/Pois      27%        N/A       9%          3
 Airstrike                Air            10%        2d(2-18)  11%         4
 Call Canine Familiar     Summ           21%        N/A       12%         3
 Portal Projectile        Hex/Tloc       42%        N/A       12%         3
 Swiftness                Air            21%        N/A       12%         3
 Yara's Violent Unravell  Hex/Tmut       13%        3d7       19%         5
 Spellforged Servitor     Conj/Summ      25%        N/A       71%         7
 Enfeeble                 Hex            10%        N/A       100%        7


Dungeon Overview and Level Annotations

Branches:
Dungeon (13/15)            Temple (1/1) D:6            Lair (5/5) D:11
  Swamp (0/4) Lair:3       Spider (0/4) Lair:2        Slime (0/5) Lair:5
    Orc (2/2) D:11            Elf (0/3) Orc:2        Vaults (0/5) D:13

Altars:
Ashenzari
Cheibriados
Dithmenos
Elyvilon
Fedhas
Gozag
Hepliaklqana
Kikubaaqudgha
Makhleb
Nemelex Xobeh
Okawaru
Qazlal
Ru
Sif Muna
Trog
Uskayaw
Vehumet
Wu Jian
Xom
Yredelemnul
Zin
The Shining One
Jiyva

Shops:
D:3 *   D:7 [   D:8 [:   Orc:2 [(=*


Message History

The large abomination struggles to escape constriction.
The hell hound bites your tentacled starspawn but does no damage.
Your tentacled starspawn closely misses the hell hound.
Your tentacled starspawn tentacle-slaps the hell hound!!
Your starspawn tentacle constricts the large abomination.
The hell hound bites your tentacled starspawn!
Your tentacled starspawn is destroyed!
Your starspawn tentacle loses its grip on the large abomination.
The starspawn's tentacles wither and die.
Your tentacled starspawn dissolves into shadows!
The large abomination hits you!
The hell hound barks!
You hit the large abomination.
The large abomination is heavily damaged.
The smoke demon gestures at you. Something smites you!
* * * LOW HITPOINT WARNING * * *
The large abomination hits you but does no damage.
The smoke demon gestures at you. Something smites you!
* * * LOW HITPOINT WARNING * * *
You slash the smoke demon!
The smoke demon is moderately wounded.
The hell hound bites you.
* * * LOW HITPOINT WARNING * * *
The hell hound misses you.
You block the large abomination's attack.
You block the smoke demon's attack. The smoke demon hits you.
* * * LOW HITPOINT WARNING * * *
The smoke demon hits you but does no damage.
The small abomination closely misses you.
Blink to where?
Press: ? - help, Dir - move target A rakshasa comes into view.
It is wielding a +0 trident.
As you read the scroll of blinking, it crumbles to dust.
You block the rakshasa's attack.
Okay, then.
The rakshasa gestures at you. The lance of force hits you!
You die...

#.§X...#
##.#..#..#
#3h###.##..#
## #.... ..#
#
#..####..##
###
#.......#
#...R#.#.
#.### #@.#
#..## #.#.#
#..#. . # #
#. #


You could see a rakshasa, a smoke demon and a hell hound.

Vanquished Creatures
  Jorgrun (D:12)
  An orc warlord (Orc:2)
  2 dire elephants (Lair:5)
  An ice dragon (Lair:5)
  7 hydras
  A catoblepas (Lair:5)
  An ogre mage (Orc:1)
  4 boulder beetles
  13 death yaks
  3 two-headed ogres
  2 alligators (Lair:4)
  A tengu warrior (D:13)
  An orc high priest (Orc:2)
  Sonja (Lair:4)
  Nergalle (Orc:2)
  A sixfirhy (Abyss:4)
  A goliath frog (Lair:4)
  2 skysharks
  A flayed ghost (Abyss:4)
  An orb spider (Lair:2)
  An orange crystal statue (D:11)
  A wizard (D:13)
  3 orc knights (Orc:2)
  4 lindwurms (Lair:5)
  7 orc sorcerers
  2 ugly things
  2 oklob plants
  A cyclops (D:12)
  A worldbinder (Abyss:4)
  2 manticores (Lair:5)
  A will-o-the-wisp (Lair:3)
  Maurice (D:12)
  5 elephants (Lair:5)
  3 black mambas
  8 cane toads
  3 gargoyles
  A cane toad (shapeshifter) (D:13)
  6 torpor snails (Lair:5)
  Maggie (D:6)
  A kobold demonologist (D:11)
  Psyche (D:7)
  5 rime drakes
  A yaktaur (D:13)
  2 komodo dragons
  6 trolls
  3 meliai (D:13)
  A polar bear (Lair:3)
  3 tyrant leeches (Lair:5)
  5 raiju (Abyss:4)
  A blink frog (shapeshifter) (D:13)
  Grinder (D:5)
  3 dream sheep (Lair:5)
  11 hornets
  11 blink frogs
  2 large abominations (Abyss:4)
  Sigmund (D:2)
  12 slime creatures
  A vampire (D:10)
  5 shadows
  A ynoxinul (Abyss:4)
  62 yaks
  16 humans (D:13)
  3 wyverns
  12 vampire mosquitoes
  7 basilisks
  3 steam dragons
  4 swamp worms (Lair:4)
  A small abomination (Abyss:4)
  2 acid dragons (D:10)
  Duvessa (D:6)
  6 wargs
  12 water moccasins
  A hell hound (Abyss:4)
  2 floating eyes (Orc:1)
  A swamp drake (Lair:4)
  22 orc warriors
  A sky beast (D:5)
  3 ice beasts
  5 black bears
  3 ogres
  23 wolves
  6 centaurs
  2 phantoms
  Blork the orc (D:6)
  A kobold brigand (D:8)
  7 bullfrogs
  7 scorpions
  2 gnoll sergeants
  6 wights
  Dowan (D:6)
  4 killer bees
  6 howler monkeys
  An electric eel (Lair:4)
  12 orc priests
  Crazy Yiuf (D:6)
  3 gnoll boudas
  A hound (D:5)
  A jelly (D:7)
  9 starcursed masses (Abyss:4)
  3 iguanas (D:5)
  17 orc wizards
  3 sleepcaps
  Natasha (twice) (D:2)
  17 gnolls
  6 adders
  2 white imps
  2 ufetubi
  A worm (D:4)
  5 dart slugs
  43 orcs
  4 bats
  8 endoplasms
  2 giant cockroaches
  9 goblins
  7 hobgoblins
  6 jackals
  10 kobolds
  5 quokkas
  13 ball pythons
  4 frilled lizards
  4 rats
610 creatures vanquished.

Vanquished Creatures (collateral kills)
  A lich (Abyss:4)
  2 thrashing horrors (Abyss:4)
  A wizard (Abyss:4)
  A large abomination (Abyss:4)
  A hell hound (Abyss:4)
  A howler monkey (D:8)
  2 starcursed masses (Abyss:4)
  A white imp (Abyss:4)
10 creatures vanquished.

Vanquished Creatures (others)
  An orc priest (Orc:2)
  A white imp (Abyss:4)
  7 bushes (Abyss:4)
  10 foxfires (Lair:3)
  27 fungi
  35 plants
  4 starspawn tentacles (Abyss:4)
  4 toadstools (D:3)
89 creatures vanquished.

Grand Total: 709 creatures vanquished

Notes
Turn   | Place    | Note
-------+----------+-------------------------------------------
     0 | D:1      | voltaire321 the Deep Elf Earth Elementalist began the quest
                  | for the Orb.
     0 | D:1      | Reached XP level 1. HP: 10/10 MP: 6/6
    87 | D:1      | Reached XP level 2. HP: 15/15 MP: 4/8
   657 | D:1      | Reached XP level 3. HP: 20/20 MP: 9/9
  1186 | D:2      | Learned a level 3 spell: Stone Arrow
  1189 | D:2      | Learned a level 2 spell: Passwall
  1336 | D:2      | Reached skill level 1 in Fighting
  1461 | D:2      | Noticed Sigmund
  1468 | D:2      | Killed Sigmund
  1469 | D:2      | Reached skill level 1 in Armour
  1469 | D:2      | Reached skill level 1 in Conjurations
  1469 | D:2      | Reached XP level 4. HP: 5/25 MP: 4/12
  1469 | D:2      | Reached XP level 5. HP: 6/29 MP: 4/13
  1645 | D:2      | Noticed Natasha
  1647 | D:2      | Killed Natasha
  1951 | D:2      | Noticed Natasha
  1953 | D:2      | Killed Natasha
  1954 | D:2      | Reached XP level 6. HP: 35/35 MP: 14/14
  2131 | D:3      | Found a shimmering altar of Xom.
  2161 | D:3      | Found Onuk's General Store.
  2190 | D:3      | Bought a scroll of magic mapping for 75 gold pieces
  2216 | D:3      | Found a hide-covered altar of Uskayaw.
  2261 | D:3      | Found a sparkling altar of Nemelex Xobeh.
  3175 | D:4      | Found a broken altar of Ashenzari.
  3401 | D:4      | Noticed a steam dragon
  3526 | D:4      | Killed a steam dragon
  3527 | D:4      | Reached skill level 5 in Spellcasting
  3527 | D:4      | Reached XP level 7. HP: 40/40 MP: 16/16
  3914 | D:5      | Entered Level 5 of the Dungeon
  4101 | D:5      | Reached skill level 5 in Earth Magic
  4309 | D:5      | Reached skill level 5 in Dodging
  4508 | D:5      | Noticed Grinder
  4524 | D:5      | Killed Grinder
  4525 | D:5      | Reached XP level 8. HP: 46/46 MP: 17/18
  5087 | D:6      | Noticed Maggie
  5494 | D:6      | Found a staircase to the Ecumenical Temple.
  5673 | D:6      | Noticed Blork the orc
  5680 | D:6      | Killed Blork the orc
  5750 | D:6      | Found a runed translucent door.
  5751 | D:6      | Noticed Crazy Yiuf
  5756 | D:6      | Killed Crazy Yiuf
  5898 | D:6      | Noticed Duvessa
  5898 | D:6      | Noticed Dowan
  5911 | D:6      | Killed Dowan
  5918 | D:6      | Killed Duvessa
  6160 | D:6      | Killed Maggie
  6161 | D:6      | Reached XP level 9. HP: 28/52 MP: 2/21
  6723 | D:7      | Reached skill level 5 in Conjurations
  6840 | D:7      | Found a shimmering blue altar of Sif Muna.
  7208 | D:7      | Found Juaxigum's Armour Shop.
  7226 | D:7      | Reached skill level 1 in Shields
  7581 | Temple   | Entered the Ecumenical Temple
  7695 | Temple   | Became a worshipper of Vehumet
  7838 | D:8      | Noticed Psyche
  7838 | D:8      | Found Reyj's Antique Armour Shop.
  7857 | D:7      | Killed Psyche
  8114 | D:8      | Noticed a two-headed ogre
  8119 | D:8      | Killed a two-headed ogre
  8122 | D:8      | Reached XP level 10. HP: 53/58 MP: 6/24
  8795 | D:8      | Found Kyodgh's Book Shoppe.
  9211 | D:8      | Reached skill level 5 in Fighting
  9226 | D:8      | Identified 2 scrolls of acquirement
  9226 | D:8      | Acquired 646 gold pieces
  9228 | D:8      | Acquired 947 gold pieces
  9279 | D:7      | Bought the +4 moon troll leather armour {Spirit, Regen++
                  | MP+5} for 817 gold pieces
  9279 | D:7      | Found the +4 moon troll leather armour {Spirit, Regen++
                  | MP+5}
  9336 | D:8      | Bought an ichor-stained cloak for 190 gold pieces
  9336 | D:8      | Identified the +0 cloak of Waont {Drain rElec Regen+ SInv}
                  | (You bought it in a shop on level 8 of the Dungeon)
  9463 | D:9      | Reached skill level 5 in Armour
  9475 | D:9      | Reached * piety under Vehumet
  9475 | D:9      | Offered knowledge of Freeze by Vehumet.
  9590 | D:9      | Noticed a two-headed ogre
  9599 | D:9      | Killed a two-headed ogre
  9961 | D:9      | Reached XP level 11. HP: 62/64 MP: 26/26
 10247 | D:10     | Entered Level 10 of the Dungeon
 10284 | D:10     | Identified the +2 robe "Monulasm" {rN+ Stlth+}
 11115 | D:11     | Found a staircase to the Orcish Mines.
 11115 | D:11     | Found a staircase to the Lair.
 11233 | D:11     | Noticed a white ugly thing
 11256 | D:11     | Reached ** piety under Vehumet
 11256 | D:11     | Offered knowledge of Scorch by Vehumet.
 11285 | D:11     | Killed a white ugly thing
 11286 | D:11     | Reached skill level 10 in Spellcasting
 11638 | D:11     | Noticed a boulder beetle
 11661 | D:11     | Killed a boulder beetle
 11753 | D:11     | Found a shimmering altar of Xom.
 11753 | D:11     | Found a shimmering altar of Xom.
 11753 | D:11     | Found a shimmering altar of Xom.
 11754 | D:11     | Found a shimmering altar of Xom.
 11754 | D:11     | Found a shimmering altar of Xom.
 11754 | D:11     | Found a shimmering altar of Xom.
 11754 | D:11     | Found a shimmering altar of Xom.
 11754 | D:11     | Found a shimmering altar of Xom.
 11940 | D:11     | Noticed an orange crystal statue
 11958 | D:11     | Killed an orange crystal statue
 12056 | D:11     | Identified the +9 falchion of the Open Hand {drain, Int+3}
 12477 | Lair:1   | Entered Level 1 of the Lair of Beasts
 12623 | Lair:1   | Reached skill level 5 in Shields
 12661 | Lair:1   | Reached skill level 10 in Dodging
 12800 | Lair:1   | Reached XP level 12. HP: 71/71 MP: 28/28
 12821 | Lair:1   | Offered knowledge of Ignite Poison by Vehumet.
 13149 | Lair:1   | Reached *** piety under Vehumet
 13772 | Lair:2   | Noticed a boulder beetle
 13793 | Lair:2   | Killed a boulder beetle
 13793 | Lair:2   | Offered knowledge of Iskenderun's Mystic Blast by Vehumet.
 13794 | Lair:2   | Reached skill level 10 in Earth Magic
 14149 | Lair:2   | Identified the +2 scale mail of Winter {rElec}
 14270 | Lair:2   | Found a hole to the Spider Nest.
 14793 | Lair:3   | Noticed a boulder beetle
 14835 | Lair:3   | Killed a boulder beetle
 15004 | Lair:3   | Found a staircase to the Swamp.
 15081 | Lair:3   | Noticed a seven-headed hydra
 15113 | Lair:3   | Killed a seven-headed hydra
 15456 | Lair:3   | Noticed an eight-headed hydra
 15463 | Lair:3   | Killed an eight-headed hydra
 15463 | Lair:3   | Reached **** piety under Vehumet
 15802 | Lair:4   | You fall into a shaft and drop 1 floor!
 15802 | Lair:5   | Entered Level 5 of the Lair of Beasts
 15830 | Lair:5   | Reached XP level 13. HP: 78/78 MP: 31/31
 15944 | Lair:5   | Reached skill level 10 in Conjurations
 16218 | Lair:4   | Offered knowledge of Olgreb's Toxic Radiance by Vehumet.
 16229 | Lair:4   | Learned a level 4 spell: Olgreb's Toxic Radiance
 16362 | Lair:4   | Noticed Sonja
 16369 | Lair:4   | Killed Sonja
 18007 | Lair:5   | Reached ***** piety under Vehumet
 18038 | Lair:5   | Offered knowledge of Eringya's Noxious Bog by Vehumet.
 18248 | Lair:5   | Found a viscous altar of Jiyva.
 18248 | Lair:5   | Found a staircase to the Slime Pits.
 18327 | Lair:5   | Reached XP level 14. HP: 86/86 MP: 31/34
 18409 | Lair:5   | Found a runed translucent door.
 19925 | Lair:5   | Offered knowledge of Lee's Rapid Deconstruction by Vehumet.
 20005 | Lair:5   | Learned a level 5 spell: Lee's Rapid Deconstruction
 20010 | Lair:5   | Learned a level 4 spell: Petrify
 20315 | Lair:5   | Reached skill level 15 in Spellcasting
 20830 | D:8      | Bought a book of Power for 462 gold pieces
 20837 | D:8      | Learned a level 6 spell: Iron Shot
 20896 | Orc:1    | Entered Level 1 of the Orcish Mines
 21188 | Orc:2    | Entered Level 2 of the Orcish Mines
 21188 | Orc:2    | Found a staircase to the Elven Halls.
 21237 | Orc:2    | Noticed an orc warlord
 21667 | Orc:2    | Reached skill level 10 in Fighting
 21799 | Orc:2    | Noticed Nergalle
 21807 | Orc:2    | Killed Nergalle
 22115 | Orc:2    | Killed an orc warlord
 22258 | Orc:2    | Found Boezawe's Antique Armour Shoppe.
 22273 | Orc:2    | Found Vakuefi's Antique Weapon Shoppe.
 22277 | Orc:2    | Found Dasah's General Store.
 22729 | Orc:1    | Paralysed by a hornet for 1 turns
 22973 | Orc:2    | Found Ofyqip's Jewellery Shoppe.
 23139 | Orc:2    | Bought a jasper-encrusted ring mail for 351 gold pieces
 23139 | Orc:2    | Identified the +4 ring mail of Hacraes {rC+ Regen+} (You
                  | bought it in a shop on level 2 of the Orcish Mines)
 23155 | Orc:2    | Bought an amulet of reflection for 420 gold pieces
 23276 | D:12     | Reached XP level 15. HP: 92/93 MP: 36/36
 23555 | D:12     | Noticed Maurice
 23559 | D:12     | Killed Maurice
 23565 | D:12     | Noticed Jorgrun
 23580 | D:12     | Killed Jorgrun
 23581 | D:12     | Reached skill level 15 in Dodging
 24245 | D:13     | Offered knowledge of Arcjolt by Vehumet.
 24252 | D:13     | Learned a level 5 spell: Arcjolt
 25050 | D:13     | Found a gate to the Vaults.
 25058 | Abyss:3  | Cast into level 3 of the Abyss (a wizard)
 25219 | Abyss:4  | Noticed a bone dragon
 25256 | Abyss:4  | Noticed a bone dragon
 25277 | Abyss:4  | Reached ****** piety under Vehumet
 25286 | Abyss:4  | Noticed a lich
 25297 | Abyss:4  | Found a corrupted altar of Lugonu.
 25330 | Abyss:4  | Paralysed by accursed screaming for 1 turns
 25347 | Abyss:4  | Noticed a lich
 25361 | Abyss:4  | Killed a lich
 25373 | Abyss:4  | HP: 4/95 [smoke demon (2)]
 25375 | Abyss:4  | Killed from afar by a rakshasa

Illustrated notes

Levels and vault maps discovered:
D:1:      dpeg_arrival_shelter, layout_loops_ring, minmay_pentomino_x4
D:2:      cheibrodos_helix_gallery, layout_loops_corners, uniq_natasha,
          uniq_sigmund
D:3:      layout_basic, mainiacjoe_overflow_catch_the_wave,
          lemuel_coloured_pillars_altar, serial_shops, shop,
          kennysheep_cross_room, minmay_gold_behind_fungi,
          chequers_serial_rivers_large_b, serial_bayou_crossing
D:4:      layout_loops_ring, mainiacjoe_overflow_concentric_impassable,
          grunt_ministairs_11
D:5:      layout_basic, minmay_misc_feat_rugged, minmay_quadrilaterals,
          uniq_grinder
D:6:      layout_basic, minmay_temple_entry_from_below_b, uniq_maggie,
          uniq_crazy_yiuf_cottage, uniq_blork_the_orc, uniq_duvessa
D:7:      layout_basic, mainiacjoe_overflow_small_starburst, serial_shops,
          nicolae_shop_behind_doors
D:8:      minmay_razor_zed, layout_cave_pools, serial_shops, shop,
          nicolae_stop_n_shop_1, serial_column_ruins, column_ruins_hut,
          column_ruins_hut_ruined, column_ruins_grid_1,
          column_ruins_columns_straight, column_ruins_corridor_straight,
          column_ruins_grid_3, column_ruins_open_tiny, uniq_psyche
D:9:      layout_roguey
D:10:     layout_rooms, minmay_misc_feat_roman, nicolae_straight_to_the_point
D:11:     layout_grid_maze, lair_entry_dummy, david_orc_3, minivault_16,
          xom_shifter_show
D:12:     layout_rooms, uniq_jorgrun, uniq_maurice
D:13:     layout_rooms, grunt_vaults_entry_tiered
Temple:   minmay_temple_bridge_d
Lair:1:   layout_cave_pods
Lair:2:   layout_long_grid, nicolae_spider_entry_orb_guardian,
          minmay_lair_oklob_items, nzn_sisyphean_effort
Lair:3:   layout_regular_city, minmay_swamp_entry_wisps, minivault_27,
          minivault_23
Lair:4:   onia_ninara_swampy_vault, layout_regular_city,
          infiniplex_staircase_pool, uniq_sonja
Lair:5:   wormcave, layout_cave_pods, hangedman_lair_in_review,
          dpeg_slime_entry_enclosed, chequers_serial_rivers_room_b
Orc:1:    hellmonk_paralyzer, layout_caves, mines5_lemuel
Orc:2:    grunt_orc_cross, layout_caves, mines3_lemuel
Abyss:4:  base: D:8, spicy_abyss_planar_alliance, hangedman_abyss_theft,
          kilobyte_mutagenic_chamber, hangedman_abyss_theft, bh_abyss_exit_grid,
          hangedman_abyss_or_decor_jellyfish_corner, abyss_furniture_001,
          hangedman_classic_abyss_death,
          dshaligram_kb_abyss_rune_zappy_water_cross,
          evilmike_abyss_exit_vortex, hangedman_abyss_mock_shop,
          evilmike_abyss_exit_1, evilmike_abyss_exit_8,
          grunt_abyss_rune_forest_and_sorcery

Skill      XL: |  1  2  3  4  5  6  7  8  9 10 11 12 13 14 15 |
---------------+----------------------------------------------+-----
Dodging        | 3 4 5 6 7 8 10 11 13 14 15 | 15.9
Transmutations | 2 |  2.0
Fighting       | 1 2 3 4 5 6 7 9 10 11 | 11.2
Armour         | 1 2 3 4 5 |  5.0
Spellcasting   | 4 5 6 8 9 10 12 14 15 | 15.0
Conjurations   | 1 2 3 4 5 7 8 9 10 | 10.0
Earth Magic    | 4 5 6 7 8 9 10 12 13 14 | 14.8
Shields        | 2 3 5 |  5.0
Stealth        | |  2.4

Action                     |  1- 3 |  4- 6 |  7- 9 | 10-12 | 13-15 || total
---------------------------+-------+-------+-------+-------+-------++-------
  Melee: Short sword       |     4 |     7 |       |       |       ||    11
         Whip              |       |     9 |    32 |   259 |       ||   300
         Falchion          |       |       |       |    96 |   712 ||   808
  Throw: Dart              |       |     1 |     1 |       |       ||     2
   Cast: Sandblast         |    56 |    57 |    80 |   274 |    49 ||   516
         Stone Arrow       |     3 |     1 |    75 |    82 |   458 ||   619
         Passwall          |       |       |       |     2 |       ||     2
         Olgreb's Toxic Ra |       |       |       |       |    20 ||    20
         Lee's Rapid Decon |       |       |       |       |    10 ||    10
  Evoke: Wand              |       |       |       |     1 |       ||     1
    Use: Scroll            |       |       |    18 |     8 |    11 ||    37
         Potion            |       |       |     2 |     2 |     7 ||    11
   Stab: Sleeping          |       |     2 |       |     4 |     3 ||     9
         Distracted        |       |       |       |       |     1 ||     1
 Armour: Robe              |     2 |    13 |    11 |       |       ||    26
         Steam dragon scal |       |       |    18 |    13 |       ||    31
         Troll leather arm |       |       |       |   147 |   256 ||   403
  Dodge: Dodged            |    19 |    24 |    87 |   411 |   856 ||  1397
  Block: Buckler           |       |       |    13 |   179 |   397 ||   589
         Reflection        |       |       |       |       |     1 ||     1

Table legend: (Time is in decaauts)
 A = Elapsed time spent in this place.
 B = Non-inter-level travel time spent in this place.
 C = Inter-level travel time spent in this place.
 D = Time resting spent in this place.
 E = Time spent auto-exploring this place.
 F = Levels seen in this place.
 G = Mean time per level.
                   A        B        C        D        E       F      G
               +--------+--------+--------+--------+--------+-----+--------+
         Total |  26100 |  24637 |   1463 |   5366 |  12340 |  23 | 1134.8 |
       Dungeon |  14574 |  13760 |    814 |   2780 |   7663 |  13 | 1121.1 |
        Temple |    188 |     87 |    101 |      0 |     78 |   1 |  188.0 |
          Lair |   8619 |   8323 |    296 |   1902 |   3983 |   5 | 1723.8 |
  Orcish Mines |   2344 |   2093 |    251 |    624 |    615 |   2 | 1172.0 |
         Abyss |    373 |    373 |      0 |     60 |      0 |   2 |  186.5 |
               +--------+--------+--------+--------+--------+-----+--------+

Top non-repeatable levels by time:
  Lair:5: 3418 daAuts
  Lair:4: 1810 daAuts
    D:11: 1691 daAuts
     D:6: 1625 daAuts
   Orc:2: 1478 daAuts
     D:8: 1348 daAuts
  Lair:1: 1262 daAuts
     D:7: 1230 daAuts
     D:5: 1210 daAuts
  Lair:3: 1107 daAuts
     D:2: 1056 daAuts
  Lair:2: 1020 daAuts
     D:4: 991 daAuts
     D:1: 981 daAuts
     D:3: 979 daAuts
